 Dungeon Crawl Stone Soup version 0.30.0-10-gfe55d96785 (webtiles) character file.

Game seed: 8558958962635535764

69 edwardauron the Digger (level 4, -2/30 HPs)
             Began as a Demonspawn Earth Elementalist on May 13, 2023.
             Slain by Jessica
             ... wielding a +3 dagger
              (7 damage)
             ... on level 2 of the Dungeon.
             The game lasted 00:02:18 (1812 turns).

edwardauron the Digger (DsEE)                       Turns: 1812, Time: 00:02:20

Health: -2/30      AC:  2    Str:  9    XL:     4   Next: 2%
Magic:  4/8        EV: 12    Int: 18    God:
Gold:   95         SH:  0    Dex: 13    Spells: 8/9 levels left

rFire   . . .        h - +1 dagger (vamp)
rCold   . . .        (no shield)
rNeg    . . .        a - +0 robe
rPois   .            (no helmet)
rElec   .            (no cloak)
rCorr   .            (no gloves)
SInv    .            (no boots)
Will    .....        (no amulet)
Stlth   ++           (no ring)
HPRegen 0.25/turn    (no ring)
MPRegen 0.11/turn

%: no passive effects
@: no status effects
A: demonic guardian 1
a: no special abilities


You were on level 2 of the Dungeon.
You visited 1 branch of the dungeon, and saw 2 of its levels.

You collected 95 gold pieces.

Inventory:

Hand Weapons
 h - a +1 vampiric dagger (weapon)
Armour
 a - a +0 robe (worn)
Scrolls
 d - 2 scrolls of identify {unknown}
 f - a scroll of immolation {unknown}
 i - a scroll of fear {unknown}
 j - a scroll of torment {unknown}
 l - a scroll of enchant weapon {unknown}
Potions
 b - a potion of magic
 c - 4 potions of curing {unknown}
 e - 2 potions of haste {unknown}
 g - a potion of heal wounds {unknown}
 k - a potion of lignification {unknown}
 m - a potion of flight {unknown}


   Skills:
 - Level 1.7 Dodging
 - Level 1.7 Stealth
 + Level 3.1 Spellcasting
 - Level 0.8 Transmutations
 + Level 3.7 Earth Magic


You had 8 spell levels left.
You knew the following spells:

 Your Spells              Type           Power      Damage    Failure   Level
a - Sandblast             Erth           32%        2d9       3%          1

Your spell library contained the following spells:

 Spells                   Type           Power      Damage    Failure   Level
 Passwall                 Tmut/Erth      9%         N/A       10%         2
 Stone Arrow              Conj/Erth      18%        3d8       22%         3
 Portal Projectile        Hex/Tloc       4%         N/A       43%         3
 Tukima's Dance           Hex            2%         N/A       43%         3
 Petrify                  Tmut/Erth      11%        N/A       54%         4
 Blade Hands              Tmut           2%         N/A       97%         5


Dungeon Overview and Level Annotations

Branches:
Dungeon (2/15)

Altars:

Annotations:
D:2 Jessica


Innate Abilities, Weirdness & Mutations

A weak demonic guardian rushes to your aid.


Message History

You kill the adder!
Found a stone staircase leading down.
There is a stone staircase leading down here.
A hobgoblin comes into view.
You miscast Sandblast.
You are very lightly contaminated with residual magic.
Nothing appears to happen.
The blast of sand hits the hobgoblin.
You kill the hobgoblin!
You have reached level 4!
You feel stronger.
You start resting.
Your magical contamination has completely faded away.
Magic restored.
A bat comes into view.
The bat hits you but does no damage.
The blast of sand hits the bat.
You kill the bat!
You now have 95 gold pieces (gained 14).
You open the door.
Jessica and a quokka come into view.
Found four items.
There is an open door here.
The blast of sand misses the quokka.
Jessica shouts!
Jessica casts a spell.
Jessica blinks!
The blast of sand misses Jessica.
Jessica closely misses you. The quokka bites you.
The quokka closely misses you. Jessica hits you with a +3 dagger.
The blast of sand misses Jessica.
The quokka bites you but does no damage.
Jessica hits you with a +3 dagger.
The blast of sand hits Jessica!
Jessica is almost dead.
The quokka bites you. Jessica hits you with a +3 dagger!
* * * LOW HITPOINT WARNING * * *
A demonic guardian appears!
The quokka closely misses you. Jessica hits you with a +3 dagger!
You die...

...#######.#†.......#
#### #.............##
#.......#####..##
#......##..$##..#
###.#..#.....#..#
#.#..#!...?#..#
#.#..#?..5.#..#
#.#..##@r.##..#
#.##..##@##..##
#.###.......##
#....#.....##
####.....### #######


You could see Jessica, a quokka (ally target) and a friendly ufetubus
(summoned).

Vanquished Creatures
  2 adders (D:2)
  A worm (D:2)
  A dart slug (D:2)
  2 bats
  2 endoplasms (D:1)
  A giant cockroach (D:1)
  2 hobgoblins
  10 jackals (D:1)
  2 quokkas
  2 ball pythons (D:1)
  2 frilled lizards (D:2)
  5 goblins
  6 kobolds
  3 rats
41 creatures vanquished.

Notes
Turn   | Place    | Note
-------+----------+-------------------------------------------
     0 | D:1      | edwardauron the Demonspawn Earth Elementalist began the
                  | quest for the Orb.
     0 | D:1      | Reached XP level 1. HP: 13/13 MP: 3/3
   223 | D:1      | Gained mutation: A weak demonic guardian rushes to your
                  | aid. [demonic ancestry]
   223 | D:1      | Reached XP level 2. HP: 19/19 MP: 3/5
  1012 | D:1      | Reached XP level 3. HP: 23/24 MP: 2/7
  1733 | D:2      | Reached XP level 4. HP: 30/30 MP: 5/8
  1807 | D:2      | Noticed Jessica
  1812 | D:2      | Slain by Jessica

Illustrated notes

Levels and vault maps discovered:
D:1:      ncdulo_lavacross, layout_basic
D:2:      layout_rooms, nrook_uturn, grunt_ministairs_3,
          kennysheep_jessica_study

Skill      XL: |  1  2  3 |
---------------+----------+-----
Earth Magic    | 3 |  3.7
Spellcasting   | 3 |  3.1
Dodging        | |  1.7
Stealth        | |  1.7
Transmutations | |  0.8

Action                     |  1- 3 |  4- 6 || total
---------------------------+-------+-------++-------
   Cast: Sandblast         |    55 |     5 ||    60
 Armour: Robe              |    16 |     2 ||    18
  Dodge: Dodged            |    50 |     3 ||    53
